 Dungeon Crawl Stone Soup version 0.22.1-6-g1668fe2 (webtiles) character file.

52 pomescollege the Slinger (level 3, -6/31 HPs)
             Began as a Gnoll Hunter on Jan 18, 2019.
             Mangled by Natasha (7 damage)
             ... on level 3 of the Dungeon.
             The game lasted 00:03:00 (1044 turns).

pomescollege the Slinger (Gnoll Hunter)             Turns: 1044, Time: 00:03:01

Health: -6/31      AC: 10    Str: 14    XL:     3   Next: 85%
Magic:  4/4        EV:  4    Int: 13    God:
Gold:   55         SH:  4    Dex: 16    Spells: 3/3 levels left

rFire    . . .     SeeInvis .   b - +0 short sword
rCold    . . .     Gourm    .   n - +0 buckler
rNeg     . . .     Faith    .   m - +0 plate armour
rPois    .         Spirit   .   (no helmet)
rElec    .         Reflect  .   (no cloak)
rCorr    .         Harm     .   (no gloves)
MR       .....                  (no boots)
Stlth    ..........             (no amulet)
HPRegen  0.10/turn              (no ring)
MPRegen  0.09/turn              (no ring)

@: flying
A: distributed training, fangs 1, strong nose
a: no special abilities


You were on level 3 of the Dungeon.
You were not hungry.

You visited 1 branch of the dungeon, and saw 3 of its levels.

You collected 55 gold pieces.

Inventory:

Hand Weapons
 a - a +1 hunting sling
 b - a +0 short sword (weapon)
Missiles
 d - 30 sling bullets
 e - 59 stones (quivered)
Armour
 c - a +0 leather armour
 m - a +0 plate armour (worn)
 n - a +0 buckler (worn)
Jewellery
 k - an uncursed ring of positive energy {unknown}
Scrolls
 h - 2 scrolls of remove curse {unknown}
 i - a scroll of enchant weapon {unknown}
 j - 2 scrolls of identify {unknown}
 l - a scroll of enchant armour {unknown}
 o - a scroll of immolation {unknown}
Comestibles
 f - 3 rations


   Skills:
 + Level 4.5 Fighting
 + Level 0.9 Short Blades
 + Level 0.9 Long Blades
 + Level 0.9 Axes
 + Level 0.9 Maces & Flails
 + Level 0.9 Polearms
 + Level 0.9 Staves
 + Level 8.5 Slings
 + Level 0.9 Bows
 + Level 0.9 Crossbows
 + Level 0.9 Throwing
 + Level 0.9 Armour
 + Level 4.5 Dodging
 + Level 2.4 Stealth
 + Level 0.9 Shields
 + Level 0.9 Unarmed Combat
 + Level 0.9 Spellcasting
 + Level 0.6 Conjurations
 + Level 0.6 Hexes
 + Level 0.6 Charms
 + Level 0.6 Summonings
 + Level 0.6 Necromancy
 + Level 0.6 Translocations
 + Level 0.6 Transmutations
 + Level 0.6 Fire Magic
 + Level 0.6 Ice Magic
 + Level 0.6 Air Magic
 + Level 0.6 Earth Magic
 + Level 0.6 Poison Magic
 + Level 1.0 Invocations
 + Level 0.9 Evocations


You had 3 spell levels left.
You didn't know any spells.
Your spell library was empty.

Dungeon Overview and Level Annotations

Branches:
Dungeon (3/15)

Altars:

Annotations:
D:3 Natasha


Innate Abilities, Weirdness & Mutations

Your experience applies equally to all skills.
You have very sharp teeth.
Your uncanny sense of smell can sniff out nearby items.


Message History

The white imp disappears in a puff of smoke!
Natasha claws you.
* * * LOW HITPOINT WARNING * * *
You block Natasha's attack.
You feel yourself speed up. Natasha claws you.
* * * LOW HITPOINT WARNING * * *
You climb downwards.
There is a stone staircase leading up here.
Okay, then.
It was a potion of flight.
You feel very buoyant.
You fly up into the air.
Natasha barely misses you.
You barely miss Natasha. You bite Natasha, but do no damage.
Natasha is heavily wounded.
Natasha barely misses you.
You hit Natasha but do no damage.
Natasha is heavily wounded.
You block Natasha's attack. Natasha claws you!
You die...

# # #.###.##.#
#..@.....#
#.h......#
............!
#####.##....##
#. ..#.# #.
### # #. #.


You could see Natasha.

Vanquished Creatures
  Natasha (D:2)
  2 dart slugs (D:1)
  A leopard gecko (D:1)
  2 giant cockroaches (D:1)
  5 hobgoblins
  3 bats
  A frilled lizard (D:1)
  2 goblins
  2 kobolds (D:1)
  4 rats (D:1)
23 creatures vanquished.

Notes
Turn   | Place    | Note
-------+----------+-------------------------------------------
     0 | D:1      | pomescollege the Gnoll Hunter began the quest for the Orb.
     0 | D:1      | Reached XP level 1. HP: 20/20 MP: 1/1
    56 | D:1      | Reached XP level 2. HP: 26/26 MP: 2/2
   368 | D:1      | Reached XP level 3. HP: 31/31 MP: 3/3
   554 | D:2      | Found a faded altar of an unknown god.
   704 | D:2      | Noticed Natasha
   716 | D:2      | Killed Natasha
   716 | D:2      | Reached skill level 1 in Invocations
   719 | D:2      | Noticed Natasha
  1040 | D:2      | HP: 1/31 [Natasha (4)]
  1044 | D:3      | Mangled by Natasha

Skill      XL: |  1  2  3 |
---------------+----------+-----
Invocations    | 1 |  1.0
Fighting       | |  4.5
Short Blades   | |  0.9
Long Blades    | |  0.9
Axes           | |  0.9
Maces & Flails | |  0.9
Polearms       | |  0.9
Staves         | |  0.9
Slings         | |  8.5
Bows           | |  0.9
Crossbows      | |  0.9
Throwing       | |  0.9
Armour         | |  0.9
Dodging        | |  4.5
Stealth        | |  2.4
Shields        | |  0.9
Unarmed Combat | |  0.9
Spellcasting   | |  0.9
Conjurations   | |  0.6
Hexes          | |  0.6
Charms         | |  0.6
Summonings     | |  0.6
Necromancy     | |  0.6
Translocations | |  0.6
Transmutations | |  0.6
Fire Magic     | |  0.6
Ice Magic      | |  0.6
Air Magic      | |  0.6
Earth Magic    | |  0.6
Poison Magic   | |  0.6
Evocations     | |  0.9

Action                   || total
-------------------------++-------
Melee: Short sword       ||    31
       Bite              ||     3
 Fire: Hunting sling     ||    53
  Use: Potion            ||     1
Armor: Plate armour      ||    27
       Leather armour    ||     1
Dodge: Dodged            ||    13
Block: Buckler           ||     6
